 Dungeon Crawl Stone Soup version 0.20.0-8-g6b59dc7 (webtiles) character file.

2641 yagray the Summoner (level 9, 0/66 HPs)
             Began as a Barachi Summoner on May 30, 2017.
             Was a High Priest of Okawaru.
             Slain by an ice beast (7 damage)
             ... summoned by an ice statue
             ... on level 8 of the Dungeon.
             The game lasted 01:47:57 (10757 turns).

yagray the Summoner (Barachi Summoner)             Turns: 10757, Time: 01:48:00

Health: 0/66       AC:  7    Str: 10    XL:     9   Next: 61%
Magic:  0/16       EV: 13    Int: 27    God:    Okawaru [*****.]
Gold:   433        SH:  0    Dex: 12    Spells: 8/18 levels left

rFire    + . .     SeeInvis .   P - +2 scimitar
rCold    + . .     Gourm    .   (no shield)
rNeg     . . .     Faith    .   e - +0 leather armour {rC+}
rPois    .         Spirit   .   D - +1 helmet {Int+3}
rElec    .         Reflect  .   (no cloak)
rCorr    .         Harm     .   s - +0 pair of gloves
MR       .....                  (no boots)
Stlth    ++........             (no amulet)
Regen    0.3/turn               K - ring of protection from fire
MPRegen  0.2/turn               C - +5 ring of intelligence

@: very slightly contaminated, slow
A: +LOS, swims, slowness 1, strong legs 1
a: Hop, Heroism, Finesse, Renounce Religion


You were on level 8 of the Dungeon.
You worshipped Okawaru.
Okawaru was extremely pleased with you.
You were not hungry.

You visited 2 branches of the dungeon, and saw 9 of its levels.

You collected 433 gold pieces.

Inventory:

Hand Weapons
 t - a +0 falchion
 P - a +2 scimitar (weapon)
Armour
 e - a +0 leather armour of cold resistance (worn)
 s - a +0 pair of gloves (worn)
 D - a +1 helmet of intelligence (worn)
Jewellery
 p - an uncursed ring of positive energy
 y - a +2 ring of intelligence
 C - a +5 ring of intelligence (right hand)
 K - a ring of protection from fire (left hand)
 M - an uncursed ring of teleportation
Wands
 o - a wand of iceblast (14/15)
 u - a wand of iceblast (7/15)
 Q - a wand of paralysis (12/24)
Scrolls
 k - 3 scrolls of fear
 l - a scroll of magic mapping
 q - 2 scrolls of teleportation
 r - 2 scrolls of immolation
 w - a scroll of random uselessness
 x - a scroll of recharging
 A - a scroll of acquirement {unknown}
 E - a scroll of amnesia {unknown}
 G - 2 scrolls of identify
 H - a scroll of blinking {unknown}
 I - 2 scrolls of noise {unknown}
 N - 2 scrolls of enchant weapon {unknown}
Potions
 a - a potion of magic
 d - 2 potions of agility {unknown}
 f - a potion of lignification {unknown}
 g - 4 potions of curing
 h - 2 potions of brilliance
 m - 3 potions of haste
 v - a potion of mutation {unknown}
 z - a potion of invisibility {unknown}
 B - a potion of degeneration {unknown}
 F - a potion of might {unknown}
 J - a potion of flight {unknown}
Books
 b - a book of Callings

   Spells                             Type                      Level
   a - Summon Small Mammal            Summoning                    1
   b - Call Imp                       Summoning                    2
   c - Call Canine Familiar           Summoning                    3
   d - Summon Guardian Golem          Hexes/Summoning              3
   e - Summon Lightning Spire         Summoning/Air                4
   f - Summon Ice Beast               Ice/Summoning                4
 L - a book of Necromancy

   Spells                             Type                      Level
   a - Pain                           Necromancy                   1
   b - Animate Skeleton               Necromancy                   1
   c - Vampiric Draining              Necromancy                   3
   d - Regeneration                   Charms/Necromancy            3
   e - Animate Dead                   Necromancy                   4
   f - Control Undead                 Necromancy                   4
Comestibles
 c - 4 bread rations
 i - 6 fruits
 j - 2 meat rations
 n - 3 royal jellies


   Skills:
 + Level 4.6 Fighting
 * Level 7.0 Long Blades
 + Level 5.9 Armour
 + Level 4.8 Dodging
 - Level 1.7 Stealth
 - Level 5.0 Spellcasting
 - Level 8.0 Summonings
 + Level 5.0 Ice Magic


You had 8 spell levels left.
You knew the following spells:

 Your Spells              Type           Power        Failure   Level  Hunger
a - Summon Small Mammal   Summ           ####         1%          1    None
b - Call Imp              Summ           ######..     1%          2    None
c - Call Canine Familiar  Summ           ######..     1%          3    #......
d - Summon Ice Beast      Ice/Summ       #####...     6%          4    ###....


Dungeon Overview and Level Annotations

Branches:
Dungeon (8/15)             Temple (1/1) D:4            Lair (0/6) D:8

Altars:
Ashenzari
Cheibriados
Dithmenos
Elyvilon
Fedhas
Gozag
Hepliaklqana
Kikubaaqudgha
Makhleb
Nemelex Xobeh
Okawaru
Qazlal
Ru
Trog
Uskayaw
Xom
Yredelemnul
Zin
The Shining One

Shops:
D:6 *

Annotations:
D:8 exclusion: ice statue


Innate Abilities, Weirdness & Mutations

Shadows flee at your approach. (+LOS)
You can swim through water.
You cover ground slowly.
You can hop short distances.


Message History

You slash the ice beast!
You kill the ice beast!
Your ice beast disappears in a puff of smoke!
The ice beast barely misses you.
Casting: Call Canine Familiar
Confirm with . or Enter, or press ? or * to list all spells.
Your ice beast hits the ice beast.
Your ice beast freezes the ice beast.
The ice beast completely resists.
The ice beast hits you.
* * * LOW HITPOINT WARNING * * *
The ice beast freezes you. You resist.
* * * LOW HITPOINT WARNING * * *
Your ice beast barely misses the ice beast.
You hit the ice beast but do no damage.
The ice beast is moderately wounded.
Your wolf bites the ice beast.
Your bat closely misses the ice beast.
Your ice beast hits the ice beast but does no damage.
The ice beast hits you.
* * * LOW HITPOINT WARNING * * *
The ice beast freezes you! You resist.
You die...

# ##....##.##...#...............
#...######....#............###
##.#####......#............#
####8=.......#...........## #
####......#..........## # ###
###....#.........## ##
####.#######.YY#........## ###.
###.#.......##.bY#......######...
#........######h@#...............
........## #..#..)............
........# #..##..####........
........## #..##### ####.....
......#..## #..# #.....
......###.## #..# #..... .....##
##.## #..# #...## .....#
##.###..# #..### ....## ##....##
#..#


You could see an ice beast, 2 friendly ice beasts, a friendly wolf and a
friendly bat.

Vanquished Creatures
  A hippogriff (D:8)
  2 water moccasins (D:8)
  A centaur (D:7)
  A bullfrog (D:6)
  2 howler monkeys
  A bullfrog zombie (D:8)
  An orc priest (D:8)
  A centaur skeleton (D:8)
  An orc wizard (D:8)
  An iguana (D:4)
  Ijyb (D:3)
  2 worker ants
  3 gnolls
  3 adders
  A shadow imp (D:5)
  A dart slug (D:3)
  4 orcs
  A ball python (D:1)
  6 goblins
  A hobgoblin (D:1)
  2 jackals
  A kobold (D:1)
  A quokka (D:3)
  3 bats
  4 frilled lizards
  A leopard gecko skeleton (D:8)
  4 rats
51 creatures vanquished.

Vanquished Creatures (collateral kills)
  A two-headed ogre (D:7)
  A hippogriff (D:8)
  Eustachio (D:5)
  The ghost of Amnesiac the Conjurer, an amateur CeFE (D:4)
  3 wargs (D:8)
  Duvessa (D:5)
  A black bear (D:8)
  A sky beast (D:8)
  An orc warrior (D:6)
  4 ogres
  An ice beast (D:7)
  2 centaurs (D:7)
  A bullfrog (D:7)
  Dowan (D:5)
  A scorpion (D:4)
  4 wights (D:8)
  A howler monkey (D:7)
  2 crimson imps
  6 orc wizards
  3 hounds
  A jelly (D:5)
  2 orc priests
  2 centaur skeletons
  2 worker ants
  A hound zombie (D:5)
  A worker ant zombie (D:5)
  Robin (D:4)
  9 gnolls
  10 adders
  3 shadow imps
  An ooze (D:4)
  An adder zombie (D:8)
  2 worms
  3 dart slugs
  3 leopard geckos (D:2)
  24 orcs
  2 ball pythons
  3 bats
  18 giant cockroaches
  11 goblins
  7 hobgoblins
  16 jackals
  7 quokkas
  5 frilled lizards
  7 kobolds
  A leopard gecko skeleton (D:5)
  A quokka skeleton (D:7)
  A rat (D:2)
182 creatures vanquished.

Grand Total: 233 creatures vanquished

Notes
Turn   | Place    | Note
-------+----------+-------------------------------------------
     0 | D:1      | yagray the Barachi Summoner began the quest for the Orb.
     0 | D:1      | Reached XP level 1. HP: 13/13 MP: 3/3
   190 | D:1      | Reached skill level 5 in Summonings
   439 | D:1      | Reached XP level 2. HP: 12/19 MP: 0/5
  1134 | D:1      | Learned a level 2 spell: Call Imp
  1210 | D:1      | Reached XP level 3. HP: 17/24 MP: 1/6
  1755 | D:2      | Reached skill level 1 in Armour
  1887 | D:2      | Reached skill level 6 in Summonings
  1897 | D:2      | Learned a level 3 spell: Call Canine Familiar
  2248 | D:2      | Reached XP level 4. HP: 31/31 MP: 3/7
  2515 | D:2      | Found a glowing silver altar of Zin.
  2856 | D:3      | Found a stormy altar of Qazlal.
  2859 | D:3      | Noticed an earth elemental
  2859 | D:3      | Noticed a water elemental
  2859 | D:3      | Noticed a fire elemental
  2859 | D:3      | Noticed an air elemental
  3333 | D:3      | Reached XP level 5. HP: 36/36 MP: 5/9
  3460 | D:3      | Noticed Ijyb
  3466 | D:3      | Killed Ijyb
  3746 | D:3      | Found a faded altar of an unknown god.
  3750 | D:3      | Became a worshipper of Warmaster Okawaru
  3750 | D:3      | Reached * piety under Okawaru
  3834 | D:4      | Noticed Amnesiac's ghost (amateur CeFE)
  3962 | D:4      | Found a staircase to the Ecumenical Temple.
  3974 | Temple   | Entered the Ecumenical Temple
  4104 | D:4      | Noticed an ogre
  4123 | D:4      | Killed an ogre
  4123 | D:4      | Reached skill level 1 in Long Blades
  4123 | D:4      | Reached XP level 6. HP: 42/42 MP: 0/11
  4420 | D:4      | Killed Amnesiac's ghost
  4420 | D:4      | Reached ** piety under Okawaru
  4420 | D:4      | Reached skill level 1 in Fighting
  4420 | D:4      | Reached skill level 7 in Summonings
  4885 | D:4      | Noticed Robin
  5107 | D:5      | Entered Level 5 of the Dungeon
  5130 | D:5      | Noticed Eustachio
  5399 | D:4      | HP: 2/43 [gnoll/flail (12)]
  5422 | D:4      | Reached XP level 7. HP: 6/48 MP: 5/13
  5823 | D:5      | Noticed Duvessa
  5825 | D:5      | Noticed Dowan
  5831 | D:5      | Killed Duvessa
  5836 | D:5      | Killed Dowan
  5921 | D:5      | Killed Eustachio
  6079 | D:5      | Reached skill level 5 in Spellcasting
  6087 | D:5      | Found a burning altar of Makhleb.
  6092 | D:5      | Reached *** piety under Okawaru
  6484 | D:5      | Found a shimmering altar of Xom.
  7087 | D:4      | Killed Robin
  7178 | D:4      | Learned a level 4 spell: Summon Ice Beast
  7300 | D:6      | Found a shattered altar of Ashenzari.
  7349 | D:6      | Found Jodd's Assorted Antiques.
  7554 | D:6      | Reached skill level 8 in Summonings
  7578 | D:6      | Found a sparkling altar of Nemelex Xobeh.
  7602 | D:6      | Reached skill level 1 in Ice Magic
  7741 | D:6      | Reached XP level 8. HP: 20/56 MP: 2/15
  8009 | D:7      | Noticed a two-headed ogre
  8019 | D:7      | Killed a two-headed ogre
  8019 | D:7      | Reached **** piety under Okawaru
  8815 | D:7      | Found a blossoming altar of Fedhas.
  8837 | D:7      | Reached skill level 5 in Armour
  9079 | D:7      | Found a snail-covered altar of Cheibriados.
  9224 | D:8      | Noticed a hippogriff
  9229 | D:8      | Reached XP level 9. HP: 56/65 MP: 4/16
  9296 | D:8      | Reached skill level 5 in Long Blades
  9299 | D:8      | Reached ***** piety under Okawaru
  9749 | D:8      | Found a staircase to the Lair.
 10209 | D:8      | Reached skill level 5 in Ice Magic
 10384 | D:8      | Noticed an ice statue
 10757 | D:8      | Slain by an ice beast

Skill      XL: |  1  2  3  4  5  6  7  8  9 |
---------------+----------------------------+-----
Summonings     | 5 6 7 8 |  8.0
Armour         | 1 2 3 5 |  5.9
Spellcasting   | 3 4 5 |  5.0
Long Blades    | 1 2 4 7 |  7.0
Fighting       | 1 2 3 4 |  4.6
Dodging        | 3 4 |  4.8
Ice Magic      | 1 3 5 |  5.0
Stealth        | |  1.7

Action                   |  1- 3 |  4- 6 |  7- 9 || total
-------------------------+-------+-------+-------++-------
Melee: Dagger            |    93 |    54 |       ||   147
       Falchion          |       |    55 |   113 ||   168
       Scimitar          |       |       |    63 ||    63
 Cast: Summon Small Mamm |    57 |    27 |    31 ||   115
       Call Imp          |    12 |    33 |    34 ||    79
       Call Canine Famil |     1 |    22 |    31 ||    54
       Summon Ice Beast  |       |       |    28 ||    28
Invok: Heroism           |       |     1 |       ||     1
 Abil: Hop               |     1 |       |       ||     1
  Use: Potion            |     1 |     4 |     4 ||     9
       Scroll            |       |     6 |     6 ||    12
 Stab: Sleeping          |     3 |     1 |     1 ||     5
       Distracted        |     1 |     1 |     4 ||     6
  Eat: Chunk             |     6 |    14 |    14 ||    34
       Meat ration       |       |       |     2 ||     2
Armor: Leather armour    |    32 |    47 |    54 ||   133
Dodge: Dodged            |    97 |    87 |   158 ||   342
       Rpst.: Falchion   |       |    13 |    31 ||    44
       Scimitar          |       |       |    13 ||    13
